[Event "ICC Open 2015"]
[Site "Internet Chess Club"]
[Date "2015.05.30"]
[Round "10"]
[White "BlackHorse96"]
[Black "Tut"]
[Result "0-1"]
[ICCResult "White checkmated"]
[WhiteElo "3253"]
[BlackElo "3208"]
[Opening "Queen's pawn game"]
[ECO "D00"]
[NIC "QP.07"]
[Time "16:01:28"]
[TimeControl "180+0"]

1. d4 Nf6 2. Nc3 d5 3. Bf4 e6 4. Nb5 Na6 5. e3 c6 6. Nc3 Nc7 7. Bd3 Bd6 8.
Qf3 O-O 9. h4 Re8 10. h5 e5 11. dxe5 Bxe5 12. Bxe5 Rxe5 13. h6 g6 14. Qf4
Re8 15. Nf3 Ne6 16. Qg3 Nc5 17. O-O-O b5 18. Qf4 a5 19. Kb1 b4 20. Ne2 Qe7
21. Ned4 Bd7 22. Bf5 Ra6 23. g4 a4 24. Nd2 a3 25. b3 Be6 26. Nxe6 fxe6 27.
Bd3 e5 28. Qxb4 Nxd3 29. Qxe7 Rxe7 30. cxd3 Nxg4 31. Rdf1 Rf7 32. Rh4 Nxf2
33. Kc2 Ra8 34. Ra4 Raf8 35. e4 dxe4 36. dxe4 Rf4 37. Rxa3 Ng4 38. Re1 Rf2
39. Kc3 Rd8 40. Nc4 Rf3+ 41. Kb4 Rb8+ 42. Kc5 Rf6 43. Rd1 Rb5#
{White checkmated}
0-1

[Event "ICC Open 2015"]
[Site "Internet Chess Club"]
[Date "2015.05.30"]
[Round "10"]
[White "Borknagar"]
[Black "geom"]
[Result "0-1"]
[ICCResult "White checkmated"]
[WhiteElo "1917"]
[BlackElo "1760"]
[Opening "QGD Slav: 4.e3 Bf5"]
[ECO "D12"]
[NIC "QO.17"]
[Time "16:01:07"]
[TimeControl "180+0"]

1. d4 c6 2. Nf3 d5 3. c4 Nf6 4. e3 Bf5 5. Bd3 Bxd3 6. Qxd3 e6 7. O-O Be7 8.
Nc3 O-O 9. e4 dxe4 10. Nxe4 Nxe4 11. Qxe4 Nd7 12. Qg4 Nf6 13. Qg3 Bd6 14.
Bf4 Nh5 15. Bg5 Nxg3 16. Bxd8 Ne2+ 17. Kh1 Rfxd8 18. g3 Be7 19. Rad1 Bf6 20.
Rd2 Nxd4 21. Ng1 Nf5 22. Re2 Rd4 23. b3 Rad8 24. Nf3 R4d6 25. Rfe1 Nd4 26.
Nxd4 Rxd4 27. Kg2 Rd1 28. Kf1 Rxe1+ 29. Kxe1 Bc3+ 30. Kf1 Rd1+ 31. Kg2 Kf8
32. Rc2 Bd4 33. Kf3 Re1 34. h4 Ke7 35. a3 e5 36. Ra2 f5 37. b4 Kd6 38. b5
cxb5 39. cxb5 Kc5 40. a4 Kb6 41. Rc2 Rb1 42. Ke2 Rb2 43. Rxb2 Bxb2 44. Kd3
Ka5 45. f3 Kxa4 46. g4 fxg4 47. fxg4 Kxb5 48. Ke4 a5 49. Kf5 a4 50. Ke6 a3
51. Kf7 e4 52. g5 e3 53. h5 e2 54. g6 hxg6 55. Kxg6 e1=Q 56. h6 Qg3+ 57. Kh7
gxh6 58. Kxh6 Qg7+ 59. Kh5 Kc5 60. Kh4 a2 61. Kh3 a1=Q 62. Kh4 Qag1 63. Kh3
Q1g3# {White checkmated} 0-1

[Event "ICC Open 2015"]
[Site "Internet Chess Club"]
[Date "2015.05.30"]
[Round "10"]
[White "zonata"]
[Black "EMILSEBY"]
[Result "1-0"]
[ICCResult "Black resigns"]
[WhiteElo "2343"]
[BlackElo "2086"]
[Opening "Caro-Kann: Tartakower (Nimzovich) variation"]
[ECO "B15"]
[NIC "CK.06"]
[Time "16:02:11"]
[TimeControl "180+0"]

1. e4 c6 2. d4 d5 3. Nd2 dxe4 4. Nxe4 Nf6 5. Nxf6+ exf6 6. h3 Bd6 7. Bd3 O-O
8. Ne2 Re8 9. O-O Qc7 10. c3 Nd7 11. Be3 Nf8 12. Qd2 f5 13. Qc2 g6 14. c4
Nd7 15. c5 Bf8 16. Qd2 Nf6 17. Bf4 Qd7 18. Rfe1 Nd5 19. Bh6 Bxh6 20. Qxh6
Qd8 21. Rad1 Bd7 22. Ng3 Qf6 23. Rxe8+ Rxe8 24. Bc4 Qg7 25. Qxg7+ Kxg7 26.
Bxd5 cxd5 27. b4 Ba4 28. Rd2 a6 29. Re2 Rxe2 30. Nxe2 g5 31. Nc3 Bc6 32. a4
Kg6 33. b5 axb5 34. axb5 Bd7 35. f4 gxf4 36. c6 bxc6 37. b6 Bc8 38. Na4 Kg5
39. Kf2 Kf6 40. Nc5 Ke7 41. Kf3 Kd6 42. b7 Bxb7 43. Nxb7+ Ke6 44. Kxf4 Kf6
45. Nd8 c5 46. dxc5 Ke7 47. Nc6+ Ke6 48. Nd4+ Kd7 49. Kxf5 Ke7 50. Ke5 h5
{Black resigns}
1-0

[Event "ICC Open 2015"]
[Site "Internet Chess Club"]
[Date "2015.05.30"]
[Round "10"]
[White "ChessicaSimpson"]
[Black "Ira57"]
[Result "1-0"]
[ICCResult "Black forfeits on time"]
[WhiteElo "1952"]
[BlackElo "1941"]
[Opening "French defense"]
[ECO "C00"]
[NIC "FR.01"]
[Time "16:01:34"]
[TimeControl "180+0"]

1. e4 e6 2. Nc3 d5 3. exd5 exd5 4. d4 Bd6 5. f4 Ne7 6. Nf3 Bf5 7. Bd3 O-O 8.
O-O c6 9. Bxf5 Nxf5 10. Ne2 Re8 11. c3 f6 12. b3 Ne3 13. Bxe3 Rxe3 14. Qd2
Re7 15. Rae1 Nd7 16. Ng3 g6 17. f5 Qc7 18. Rxe7 Bxe7 19. fxg6 hxg6 20. Qh6
Nf8 21. Nh4 Kf7 22. Nxg6 Nxg6 23. Qh7+ Ke6 24. Qxg6 Rf8 25. Nf5 Bd6 26. Ng7+
Kd7 27. Qf5+ Ke7 28. Qe6+ Kd8 29. Qg4 Bxh2+ 30. Kh1 Rh8 31. Ne6+ Ke7 32.
Nxc7 Bg3+ 33. Qh3 Rxh3+ 34. gxh3 Bxc7 35. Kg2 b6 36. Kf3 Kf7 37. Kg4 Kg6 38.
h4 Bd6 39. h5+ Kg7 40. h6+ Kg6 41. Rh1 Kh7 42. Kf5 Bc7 43. Kxf6 Bf4 44. Ke6
Bd2 45. Kd6 Bxc3 46. Kxc6 Bxd4 47. Kb5 Bc5 48. b4 d4 49. bxc5 bxc5 50. Kxc5
d3 51. Rd1 d2 52. Rxd2 Kxh6 53. Rd7 Kg5 54. Rxa7 Kf4 55. a4 Ke4 56. Rb7 Kd3
57. Kc6 {Black forfeits on time} 1-0

[Event "ICC Open 2015"]
[Site "Internet Chess Club"]
[Date "2015.05.30"]
[Round "10"]
[White "santiagoelawad"]
[Black "Aladdin"]
[Result "0-1"]
[ICCResult "White forfeits on time"]
[WhiteElo "2051"]
[BlackElo "2392"]
[Opening "QGD: Ragozin variation"]
[ECO "D38"]
[NIC "NI.27"]
[Time "16:01:19"]
[TimeControl "180+0"]

1. c4 Nf6 2. Nc3 e6 3. Nf3 d5 4. d4 Bb4 5. Qc2 c5 6. Bg5 h6 7. Bxf6 Qxf6 8.
e3 O-O 9. Be2 Nc6 10. cxd5 exd5 11. Rd1 cxd4 12. Nxd4 Be6 13. O-O Rac8 14.
Qb3 Bxc3 15. Qxc3 Nxd4 16. Qxd4 Qxd4 17. Rxd4 Rc2 18. Bf3 Rxb2 19. a4 Rd8
20. Rfd1 Ra2 21. Rb1 b6 22. h3 Kf8 23. e4 Bd7 24. Rxd5 Ke7 25. Rbd1 Rc2 26.
a5 b5 27. a6 Rcc8 28. Re5+ Kf8 29. Red5 Ke7 30. Re5+ Kf6 31. Red5 Rc7 32.
Bg4 Bxg4 33. hxg4 Rxd5 34. Rxd5 b4 35. Rb5 Rc4 36. f3 Rc6 37. Rxb4 Rxa6 38.
Rb7 g6 39. Rb8 Rb6 40. Ra8 a6 41. Kf2 Ke6 42. Ke3 Kd6 43. Ra7 f6 44. Rg7 g5
45. Rf7 Kc5 46. Rh7 a5 47. Rxh6 a4 48. Rh1 a3 49. Ra1 Kb4 50. Rb1+ Ka5 51.
Ra1 Ka4 52. Kd2 Rb2+ 53. Kc1 Rxg2 54. Rb1 Rg1+ 55. Kc2 Rxb1 56. Kxb1 Kb3
{White forfeits on time}
0-1

[Event "ICC Open 2015"]
[Site "Internet Chess Club"]
[Date "2015.05.30"]
[Round "10"]
[White "Nightlife"]
[Black "hAutAjArvi"]
[Result "0-1"]
[ICCResult "White resigns"]
[WhiteElo "1779"]
[BlackElo "2067"]
[Opening "Caro-Kann: Panov-Botvinnik attack"]
[ECO "B13"]
[NIC "CK.03"]
[Time "16:02:49"]
[TimeControl "180+0"]

1. e4 c6 2. d4 d5 3. exd5 cxd5 4. c4 Nf6 5. Nc3 Nc6 6. Nf3 Bg4 7. cxd5 Nxd5
8. Qb3 Bxf3 9. gxf3 Nb6 10. d5 Nd4 11. Bb5+ Nxb5 12. Qxb5+ Qd7 13. Qxd7+
Kxd7 14. Bf4 g6 15. Rd1 Bg7 16. d6 e6 17. Ne4 Rac8 18. b4 Na4 19. O-O Rc2
20. Rc1 Rhc8 21. Rxc2 Rxc2 22. Rd1 Nc3 23. Nxc3 Rxc3 24. a4 Rc4 25. Be3 b6
26. b5 Rxa4 27. Rc1 Kxd6 28. Rc6+ Kd7 29. Kg2 Be5 30. Bh6 Bd6 31. Bg7 e5 32.
Bf6 Ra5 33. Rc2 Rxb5 34. Rd2 Ke6 35. Bh4 f6 36. Bg3 g5 37. h4 h6 38. hxg5
hxg5 {White resigns} 0-1

[Event "ICC Open 2015"]
[Site "Internet Chess Club"]
[Date "2015.05.30"]
[Round "10"]
[White "tristanfran"]
[Black "zelog"]
[Result "0-1"]
[ICCResult "White forfeits on time"]
[WhiteElo "1819"]
[BlackElo "2035"]
[Opening "French defense"]
[ECO "C00"]
[NIC "FR.01"]
[Time "16:01:13"]
[TimeControl "180+0"]

1. e4 e6 2. Nf3 d5 3. exd5 exd5 4. d4 Nc6 5. Bd3 Bd6 6. c3 Nge7 7. Be3 Bf5
8. Qc2 Qd7 9. Nbd2 O-O-O 10. a4 f6 11. b4 Bxd3 12. Qxd3 Nf5 13. O-O g5 14.
a5 Nce7 15. b5 h5 16. c4 dxc4 17. Nxc4 g4 18. Ne1 Rdg8 19. b6 cxb6 20. axb6
a6 21. Nc2 Kb8 22. Nxd6 Qxd6 23. Rfc1 Nxe3 24. Nxe3 Rc8 25. Nc4 Qd5 26. Ne3
Qd6 27. Nc4 Qc6 28. g3 Nd5 29. Na5 Qxc1+ 30. Rxc1 Rxc1+ 31. Kg2 Nxb6 32. Qe4
Rc7 33. Qf4 Rh7 34. Qxf6 Ka7 35. Qe5 Nc4 36. Qe4 Nxa5 37. Qe3 b6 38. d5 Rcd7
39. Qe5 Nb7 40. Qf5 Nc5 41. Qe5 Rh6 42. h3 gxh3+ 43. Kxh3 Rhd6 44. Qxh5 Rxd5
45. Qg4 R5d6 46. Kg2 Rf7 47. Qf4 Rxf4 48. gxf4 a5 49. Kf3 a4 50. f5 a3 51.
Kf4 a2 52. Kg5 a1=Q 53. f4 Qf6+ 54. Kg4 Rd5 55. Kf3 Rxf5 56. Ke3 Rxf4 57.
Kd2 Qd4+ 58. Kc2 Rf2+ 59. Kc1 Qb2+ {White forfeits on time} 0-1

[Event "ICC Open 2015"]
[Site "Internet Chess Club"]
[Date "2015.05.30"]
[Round "10"]
[White "outubro2"]
[Black "maxharm"]
[Result "1-0"]
[ICCResult "Black forfeits on time"]
[WhiteElo "1685"]
[BlackElo "1833"]
[Opening "Nimzovich-Larsen attack: modern variation"]
[ECO "A01"]
[NIC "VO.08"]
[Time "16:01:56"]
[TimeControl "180+0"]

1. b3 e5 2. Bb2 d6 3. e3 Be7 4. Nf3 Nf6 5. d4 e4 6. Nfd2 d5 7. c4 c6 8. Nc3
O-O 9. Be2 Na6 10. O-O Nb4 11. a3 Nd3 12. Bxd3 exd3 13. Nf3 Bf5 14. Ne1 dxc4
15. bxc4 c5 16. d5 Bd6 17. g3 Bh3 18. Ng2 Bf5 19. Re1 Re8 20. Nf4 g5 21.
Nxd3 Bg4 22. Qc2 Bf5 23. Qd2 Ne4 24. Nxe4 Bxe4 25. Qc3 f6 26. Rf1 Bf3 27.
Rfe1 Rf8 28. e4 g4 29. e5 fxe5 30. Nxe5 Qf6 31. Nxf3 Qxc3 32. Bxc3 Rxf3 33.
Be5 Be7 34. Re3 Rf5 35. d6 Bg5 36. Bf4 Bf6 37. Rd1 Bd4 38. Red3 Raf8 39. Be3
Bxe3 40. fxe3 R5f7 41. d7 Rd8 42. e4 Kf8 43. e5 Ke7 44. Rd6 Rf5 45. e6 Re5
46. R6d5 Rxe6 47. Rxc5 {Black forfeits on time} 1-0

[Event "ICC Open 2015"]
[Site "Internet Chess Club"]
[Date "2015.05.30"]
[Round "10"]
[White "ILYMJPDL"]
[Black "Ricardov"]
[Result "0-1"]
[ICCResult "White resigns"]
[WhiteElo "2004"]
[BlackElo "2317"]
[Opening "Ruy Lopez: exchange variation, 5.O-O"]
[ECO "C68"]
[NIC "RL.08"]
[Time "16:02:14"]
[TimeControl "180+0"]

1. e4 e5 2. Nf3 Nc6 3. Bb5 a6 4. Bxc6 dxc6 5. O-O Qf6 6. d4 exd4 7. Qxd4 Bg4
8. Qe3 Bxf3 9. Qxf3 Qxf3 10. gxf3 O-O-O 11. Nc3 Bb4 12. Be3 Bxc3 13. bxc3
Ne7 14. Rad1 Rxd1 15. Rxd1 Rd8 16. Rxd8+ Kxd8 17. Kf1 Kd7 18. Ke2 c5 19.
Bxc5 Ng6 20. Be3 Ne5 21. f4 Ng4 22. h3 Nh6 23. f5 Ng8 24. Bd4 g6 25. fxg6
hxg6 26. f4 Ke6 27. Kf3 f5 28. e5 Ne7 29. h4 Nc6 30. Ke3 Na5 31. Kd3 b5 32.
Bc5 Nc4 33. Ba7 Kd5 34. Bb8 c5 35. Ba7 Nb2+ 36. Ke3 Nc4+ 37. Kd3 Na5 38. Bb8
Nc6 39. Bd6 Nd8 40. Bc7 Ne6 41. Bb8 Nxf4+ 42. Ke3 Ng2+ 43. Kf3 Nxh4+ 44. Kf4
Ng2+ 45. Kg5 f4 46. Kf6 f3 47. e6 f2 48. e7 f1=Q+ 49. Kg7 Qe2 50. Kf8 Qf3+
51. Kg7 Qe4 52. Kf8 Qf5+ 53. Kg7 Qc8 54. Bf4 Nxf4 {White resigns} 0-1

[Event "ICC Open 2015"]
[Site "Internet Chess Club"]
[Date "2015.05.30"]
[Round "10"]
[White "Inmune"]
[Black "GeneraLisimus"]
[Result "1-0"]
[ICCResult "Black resigns"]
[WhiteElo "3033"]
[BlackElo "3175"]
[Opening "Trompowsky attack (Ruth, Opocenský opening)"]
[ECO "A45"]
[NIC "QP.07"]
[Time "16:01:47"]
[TimeControl "180+0"]

1. d4 Nf6 2. Bg5 g6 3. Bxf6 exf6 4. h4 h5 5. e3 Bg7 6. c4 f5 7. Nc3 d6 8. g3
Nd7 9. Bg2 Nf6 10. Qd3 O-O 11. Nge2 Re8 12. O-O Ng4 13. Nf4 c6 14. b4 g5 15.
hxg5 Qxg5 16. Bf3 h4 17. Bxg4 fxg4 18. Kg2 h3+ 19. Kh1 Bf5 20. Qd2 a5 21. a3
Qe7 22. Kh2 Bh6 23. c5 d5 24. b5 Be4 25. Nxe4 Qxe4 26. Rg1 cxb5 27. Qe2 f5
28. Qxb5 Bxf4 29. gxf4 Re7 30. Rac1 Rae8 31. c6 Qf3 32. Rc2 bxc6 33. Qxc6
Re6 34. Qc7 Qe4 35. Rb2 a4 36. Qc3 R8e7 37. Rb8+ Kh7 38. Rb2 Rg7 39. Qc8
Reg6 40. Qd8 Qf3 41. Rg3 Qd1 42. Rb8 Rh6 43. Qh8+ Kg6 44. Rb6+ Kf7 45. Rb7+
Ke6 46. Qxh6+ {Black resigns} 1-0

[Event "ICC Open 2015"]
[Site "Internet Chess Club"]
[Date "2015.05.30"]
[Round "10"]
[White "olimpus"]
[Black "aplusk"]
[Result "0-1"]
[ICCResult "White resigns"]
[WhiteElo "2798"]
[BlackElo "2921"]
[Opening "Benko's opening"]
[ECO "A00"]
[NIC "VO.09"]
[Time "16:01:32"]
[TimeControl "180+0"]

1. g3 b6 2. Bg2 c6 3. d4 Bb7 4. c4 Nf6 5. Nc3 e6 6. e4 d6 7. Nge2 Be7 8. O-O
Nbd7 9. f4 e5 10. h3 O-O 11. Be3 a6 12. Qc2 b5 13. Rad1 Ne8 14. cxb5 axb5
15. b4 exf4 16. Bxf4 Qb6 17. Kh2 Qa6 18. e5 Nb6 19. d5 Nxd5 20. Nxd5 cxd5
21. Nd4 dxe5 22. Bxe5 Bxb4 23. Rf2 Bd6 24. Re1 Bxe5 25. Rxe5 Nd6 26. Rh5 g6
27. Rh4 Ne4 28. Qc1 f6 29. Rc2 Qa3 30. Qe1 Rfc8 31. Nxb5 Qe7 32. Rb2 Qe5 33.
Re2 f5 34. Rf4 Ba6 35. a4 Rab8 36. Qa5 Bxb5 37. axb5 Rc5 38. Qa7 Rcxb5 39.
Rc2 R5b7 40. Qa6 Re7 41. Bxe4 dxe4 42. Re2 Rf8 43. h4 Qf6 44. Qc4+ Kg7 45.
Qc1 Qe5 46. Qf1 Rd8 47. Qf2 Red7 48. h5 Rd3 49. Qa7+ R8d7 50. Qa8 g5 51. h6+
Kxh6 52. Qf8+ Kg6 53. Qg8+ Rg7 54. Qc8 gxf4 {White resigns} 0-1

[Event "ICC Open 2015"]
[Site "Internet Chess Club"]
[Date "2015.05.30"]
[Round "10"]
[White "JRussell2"]
[Black "Judge-Dread"]
[Result "0-1"]
[ICCResult "White forfeits on time"]
[WhiteElo "1239"]
[BlackElo "1116"]
[Opening "Philidor's defense"]
[ECO "C41"]
[NIC "KP.08"]
[Time "16:02:12"]
[TimeControl "180+0"]

1. e4 e5 2. Nf3 d6 3. d4 b6 4. dxe5 Bb7 5. exd6 Bxd6 6. Nc3 Nc6 7. Bb5 Qe7
8. O-O O-O-O 9. Qe2 Na5 10. Ba6 Nf6 11. Bxb7+ Kxb7 12. Bg5 h6 13. Bxf6 Qxf6
14. e5 Qe6 15. exd6 Qxe2 16. Nxe2 Rxd6 17. Nc3 Nc4 18. Rab1 g5 19. b3 Na5
20. Ne5 Rh7 21. Rfd1 Re6 22. Re1 f5 23. Nc4 Rc6 24. Nxa5+ bxa5 25. Na4 Rxc2
26. Ra1 Rd7 27. g3 Rdd2 28. Rf1 Ka6 29. a3 Kb5 30. Rab1 c5 31. Rbe1 Ra2 32.
Re5 Rdc2 33. Rxf5 Rxa3 34. Rf6 Rxb3 35. Rxh6 Kxa4 36. h4 Rbb2
{White forfeits on time}
0-1

[Event "ICC Open 2015"]
[Site "Internet Chess Club"]
[Date "2015.05.30"]
[Round "10"]
[White "DropZone"]
[Black "chessassassin"]
[Result "0-1"]
[ICCResult "White forfeits on time"]
[WhiteElo "2028"]
[BlackElo "1989"]
[Opening "Queen's Pawn"]
[ECO "A41"]
[NIC "QO.17"]
[Time "16:01:45"]
[TimeControl "180+0"]

1. d4 d6 2. Nf3 g6 3. h3 Bg7 4. Bf4 Nf6 5. e3 O-O 6. Be2 Nbd7 7. O-O c5 8.
c3 a6 9. a4 b6 10. Nbd2 Bb7 11. Re1 Ne4 12. Nxe4 Bxe4 13. Qb3 Qc7 14. Bh2
Nf6 15. Nd2 Bb7 16. Bf3 Bxf3 17. Nxf3 Qc6 18. Rad1 c4 19. Qc2 b5 20. e4 bxa4
21. e5 Nd5 22. exd6 exd6 23. Nd2 Rfe8 24. Ne4 Re6 25. Ng5 Rxe1+ 26. Rxe1 Re8
27. Ra1 Nb6 28. Bg3 h6 29. Nf3 d5 30. Ne5 Qe6 31. Re1 a5 32. Nf3 Qd7 33.
Rxe8+ Qxe8 34. Be5 f6 35. Bc7 Nc8 36. Qd1 f5 37. Bxa5 Qb5 38. Bb4 Bf8 39.
Bxf8 Kxf8 40. Qe2 Qe8 41. Ne5 Kg7 42. Qf3 Qe6 43. g4 fxg4 44. hxg4 Nd6 45.
Qf4 Ne4 46. Nf3 g5 47. Qc7+ Qf7 48. Qe5+ Qf6 49. Qxd5 Qxf3 50. Qd7+ Kg6 51.
Qe6+ Nf6 52. d5 Qxg4+ 53. Qxg4 Nxg4 54. Kg2 Kf6 55. Kf3 h5 56. Ke4 h4 57.
Kf3 Ne5+ 58. Kg2 Nd3 59. f4 Nxf4+ 60. Kf3 Nxd5 61. Kg4 Nxc3 62. Kh5 a3 63.
bxa3 Nb5 64. a4 Na7 65. a5 c3 66. a6 c2 67. Kh6 c1=Q 68. Kh5 Qa3 69. Kh6
Qxa6 70. Kh7 Qc8 {White forfeits on time} 0-1

[Event "ICC Open 2015"]
[Site "Internet Chess Club"]
[Date "2015.05.30"]
[Round "10"]
[White "NICO"]
[Black "PCC"]
[Result "1-0"]
[ICCResult "Black forfeits on time"]
[WhiteElo "2250"]
[BlackElo "2105"]
[Opening "Sicilian, Chekhover variation"]
[ECO "B53"]
[NIC "SI.02"]
[Time "16:01:21"]
[TimeControl "180+0"]

1. e4 c5 2. Nf3 d6 3. d4 cxd4 4. Qxd4 Nc6 5. Bb5 Bd7 6. Bxc6 Bxc6 7. Nc3 Nf6
8. Bg5 e6 9. O-O-O Be7 10. Rhe1 O-O 11. Kb1 Qa5 12. Qd2 Qa6 13. Nd4 Rfc8 14.
f3 b5 15. g4 Be8 16. Nce2 Qb7 17. Ng3 b4 18. Nh5 Nxh5 19. gxh5 Bf8 20. Rg1
Kh8 21. h6 g6 22. h4 a5 23. Bf6+ Kg8 24. f4 Qxe4 25. Rde1 Qd5 26. Rg5 e5 27.
fxe5 dxe5 28. Rgxe5 Qd6 29. Bg7 Bxg7 30. hxg7 Ba4 31. h5 Rd8 32. R5e4 Rac8
33. b3 Bc6 34. Rh4 Qf6 35. Rg4 Bd7 36. Rf4 Bf5 37. h6 Qg5 38. Nxf5 gxf5 39.
Qe3 Qxh6 40. Qf3 Re8 41. Rf1 Qxg7 42. Rxf5 Rf8 43. Rf4 Rc6 44. Rg4 Rg6 45.
Rfg1 {Black forfeits on time} 1-0

[Event "ICC Open 2015"]
[Site "Internet Chess Club"]
[Date "2015.05.30"]
[Round "10"]
[White "safadi001"]
[Black "DDT3000"]
[Result "0-1"]
[ICCResult "White forfeits on time"]
[WhiteElo "1964"]
[BlackElo "2161"]
[Opening "Caro-Kann: two knights, 3...Bg4"]
[ECO "B10"]
[NIC "CK.01"]
[Time "16:01:24"]
[TimeControl "180+0"]

1. e4 c6 2. Nf3 d5 3. Nc3 Bg4 4. d4 Nf6 5. e5 Nfd7 6. Bg5 Qb6 7. Be2 e6 8.
O-O h6 9. Be3 Be7 10. h3 Bxf3 11. Bxf3 O-O 12. Na4 Qc7 13. Bh5 c5 14. c3 b5
15. Nxc5 Nxc5 16. dxc5 Qxe5 17. Bd4 Qc7 18. b4 e5 19. Be3 Qc6 20. a4 Nd7 21.
axb5 Qxb5 22. Qxd5 Nb6 23. Qb7 Qd7 24. Qxd7 Nxd7 25. Bf3 Rac8 26. Rxa7 Rfd8
27. c6 e4 28. cxd7 Rxc3 29. Bb6 exf3 30. Bxd8 Bxd8 31. Ra8 fxg2 32. Kxg2 Kh7
33. Rxd8 Rd3 34. Re1 f5 35. Re7 Kg6 36. Rde8 f4 37. d8=Q f3+ 38. Kg3 Rxd8
39. Rxd8 Kf6 40. Re4 g5 41. Re3 g4 42. Rxf3+ gxf3 43. Kxf3 Ke7
{White forfeits on time}
0-1

[Event "ICC Open 2015"]
[Site "Internet Chess Club"]
[Date "2015.05.30"]
[Round "10"]
[White "FedoseevVl95"]
[Black "QuintilianoR"]
[Result "1-0"]
[ICCResult "Black forfeits on time"]
[WhiteElo "3011"]
[BlackElo "2513"]
[Opening "Sicilian: dragon variation"]
[ECO "B70"]
[NIC "SI.15"]
[Time "16:01:06"]
[TimeControl "180+0"]

1. Nf3 c5 2. e4 d6 3. d4 cxd4 4. Nxd4 Nf6 5. Nc3 g6 6. Bd3 Bg7 7. O-O Nc6 8.
Nxc6 bxc6 9. Qe2 O-O 10. Bd2 Bg4 11. f3 Be6 12. Kh1 Rb8 13. b3 Nd7 14. Rad1
Qc7 15. Na4 Ne5 16. Bc3 c5 17. Ba6 c4 18. Bxe5 Bxe5 19. f4 Bg7 20. f5 Bd7
21. Bxc4 Bxa4 22. bxa4 Rbc8 23. Bb3 Bf6 24. g4 Kg7 25. fxg6 hxg6 26. Rd3 e6
27. Rxf6 Kxf6 28. Qf2+ Kg7 29. g5 Qe7 30. Qf4 Rc5 31. h4 Rh8 32. Kg2 Re5 33.
Rf3 Rf8 34. Rg3 Qb7 35. Rg4 Rh8 36. Bc4 Qc7 37. Bd3 Qe7 38. Qf2 f6 39. gxf6+
Qxf6 40. Rf4 Qe7 41. Qg3 Rhh5 42. Rg4 Rh6 43. a5 Qf6 44. a6 Qe7 45. Rf4 Reh5
46. e5 Rxh4 47. Rf6 Rh2+ 48. Qxh2 Rxh2+ 49. Kxh2 dxe5 50. Rxg6+ Kf7 51. Rg4
Qc5 52. Kg3 Qe3+ 53. Kg2 Qd2+ 54. Kf3 Qd1+ 55. Kg3 Kf6 56. Re4 Ke7 57. Kf2
Qd2+ 58. Re2 Qg5 59. Ke1 Qf4 60. Rf2 Qg3 61. Ke2 e4 62. Rf3 Qg4 63. Bxe4
{Black forfeits on time}
1-0

[Event "ICC Open 2015"]
[Site "Internet Chess Club"]
[Date "2015.05.30"]
[Round "10"]
[White "MJXII"]
[Black "bythebook"]
[Result "0-1"]
[ICCResult "White forfeits on time"]
[WhiteElo "1529"]
[BlackElo "1624"]
[Opening "Caro-Kann: anti-anti-Caro-Kann defense"]
[ECO "B10"]
[NIC "CK.01"]
[Time "16:01:35"]
[TimeControl "180+0"]

1. e4 c6 2. c4 d5 3. cxd5 cxd5 4. exd5 Nf6 5. Nf3 Nxd5 6. Bc4 Nc6 7. Nc3 Nb6
8. Bb3 Bf5 9. Ng5 e6 10. f4 Bc5 11. Nf3 Bd3 12. Bc2 Nb4 13. Ba4+ Nxa4 14.
Qxa4+ Kf8 15. Ne5 Nc2+ 16. Kd1 Nxa1 17. Nd7+ Kg8 18. Nxc5 Bc2+ 19. Ke1 Bxa4
20. N5xa4 Nc2+ 21. Kd1 Nd4 22. Nc5 b6 23. N5e4 Rc8 24. Re1 h6 25. Re3 Kh7
26. Ke1 Qh4+ 27. g3 Qxh2 28. Nf2 Nc2+ 29. Ke2 Nxe3 30. dxe3 Qxg3 31. Bd2
Rhd8 32. Nce4 Qg2 33. f5 Rxd2+ 34. Kxd2 Rd8+ 35. Ke2 h5 36. fxe6 fxe6 37.
Ke1 h4 38. Ng5+ Qxg5 39. Ne4 Qf5 40. Ke2 Qxe4 41. Ke1 Rd3
{White forfeits on time}
0-1

[Event "ICC Open 2015"]
[Site "Internet Chess Club"]
[Date "2015.05.30"]
[Round "10"]
[White "maki89"]
[Black "DanielDelPaso"]
[Result "0-1"]
[ICCResult "White forfeits on time"]
[WhiteElo "2407"]
[BlackElo "2702"]
[Opening "Sicilian: Alapin's variation (2.c3)"]
[ECO "B22"]
[NIC "SI.46"]
[Time "16:01:35"]
[TimeControl "180+0"]

1. e4 c5 2. c3 Nf6 3. e5 Nd5 4. Bc4 Nb6 5. Bb3 Nc6 6. Nf3 c4 7. Bc2 d6 8.
exd6 Qxd6 9. O-O e6 10. d4 cxd3 11. Qxd3 Qxd3 12. Bxd3 Be7 13. Nbd2 O-O 14.
Nc4 Nxc4 15. Bxc4 a6 16. a4 e5 17. Re1 Bf6 18. Bg5 Bg4 19. Bxf6 gxf6 20. Nd2
Kg7 21. f3 Be6 22. Rad1 Rfd8 23. Bxe6 fxe6 24. Ne4 Kf7 25. Kf2 Ke7 26. Ke3
Na5 27. Kf2 Nc4 28. b3 Nb2 29. Rxd8 Rxd8 30. Ke3 f5 31. Nf2 e4 32. fxe4 fxe4
33. Re2 Nd1+ 34. Nxd1 Rxd1 35. Kxe4 Kd6 36. Ke3 Rb1 37. b4 Ke5 38. Kd3+ Kd5
39. c4+ Kd6 40. Kc3 Rc1+ 41. Rc2 Ra1 42. a5 Rf1 43. Rd2+ Kc6 44. c5 Rc1+ 45.
Kb2 Re1 46. Rd6+ Kc7 47. Kc3 Re2 48. Rd2 Re3+ 49. Kd4 Rb3 50. Ke5 Rxb4 51.
Kxe6 Rc4 52. Rd7+ Kc6 53. Rxh7 Rxc5 54. g4 Rxa5 55. h4 Ra4 56. g5 Rg4 57.
Kf5 Rg1 58. g6 a5 59. h5 a4 60. Rh8 b5 61. Ra8 Kb7 62. Re8 a3 63. Re2 b4 64.
h6 b3 65. h7 Rf1+ 66. Ke6 Rh1 67. g7 Rh6+ 68. Kf5 Rh5+ 69. Kg6 Rh2 70. g8=Q
Rxe2 71. Qd5+ Kc7 72. Qxb3 Rg2+ 73. Kf5 Rf2+ 74. Ke4 Rd2
{White forfeits on time}
0-1

[Event "ICC Open 2015"]
[Site "Internet Chess Club"]
[Date "2015.05.30"]
[Round "10"]
[White "JCarllsen"]
[Black "MasterZachary"]
[Result "1/2-1/2"]
[ICCResult "White ran out of time and Black has no material to mate"]
[WhiteElo "1916"]
[BlackElo "2157"]
[Opening "Two knights defense"]
[ECO "C56"]
[NIC "KP.02"]
[Time "16:00:51"]
[TimeControl "180+0"]

1. e4 e5 2. Nf3 Nc6 3. Bc4 Nf6 4. d4 exd4 5. O-O Nxe4 6. Re1 d5 7. Bxd5 Qxd5
8. Nc3 Qh5 9. Nxe4 Be6 10. Bg5 h6 11. Bf6 Qg6 12. Nh4 Qh7 13. c3 Be7 14.
Bxe7 Nxe7 15. Qxd4 O-O 16. Nc5 Nf5 17. Qe4 Nxh4 18. Qxh4 Bd5 19. c4 Bc6 20.
b4 b6 21. Nb3 Qg6 22. Qg3 Qxg3 23. hxg3 Rfe8 24. Rad1 Rxe1+ 25. Rxe1 Re8 26.
Rxe8+ Bxe8 27. f3 Kf8 28. Kf2 Ke7 29. Ke3 Kd6 30. Kd4 Bd7 31. c5+ Ke6 32.
Nd2 Bb5 33. a3 c6 34. Ke4 f5+ 35. Kd4 g5 36. f4 Kf6 37. Ke3 Kg6 38. Kf3 Kh5
39. Nb3 Bc4 40. Nd4 Bd5+ 41. Kf2 Kg4 42. fxg5 hxg5 43. a4 bxc5 44. bxc5 a5
45. Ne2 Bb3 46. Nd4 Bd1 47. Nxc6 Bxa4 48. Nxa5 Bb5 49. c6 Ba6 50. Nb7 f4 51.
Nd6 fxg3+ 52. Kg1 Kf4 53. c7 Ke5 54. c8=Q Bb7 55. Nxb7 Kf4 56. Qc5 Kg4 57.
Qc3 Kh4 58. Qf3 g4 59. Qf4 Kh5 60. Qxg3 Kg5 61. Qxg4+ Kxg4 62. Kf2 Kf4 63.
g3+ Kg4 64. Kg2 Kg5 65. Kf2 Kf5 66. Kg2 Kg5 67. Kh3 Kg6 68. g4 Kg7 69. Kg3
Kh7 70. Kf4 Kg7 71. g5 Kg8 72. Kg4 Kg7 73. Kh4 Kg8 74. Kg4 Kh8 75. Kf5 Kg8
76. Kf4 Kg7 {White ran out of time and Black has no material to mate}
1/2-1/2

[Event "ICC Open 2015"]
[Site "Internet Chess Club"]
[Date "2015.05.30"]
[Round "10"]
[White "Iandmyself"]
[Black "CrossShark"]
[Result "1-0"]
[ICCResult "Black checkmated"]
[WhiteElo "2529"]
[BlackElo "2675"]
[Opening "French: Tarrasch, closed variation"]
[ECO "C05"]
[NIC "FR.16"]
[Time "16:01:25"]
[TimeControl "180+0"]

1. e4 e6 2. d4 d5 3. Nd2 Nf6 4. e5 Nfd7 5. f4 c5 6. Ngf3 Nc6 7. Nb3 c4 8.
Nbd2 Be7 9. Be2 g5 10. fxg5 Bxg5 11. Nf1 Bxc1 12. Qxc1 Qb6 13. c3 Nf8 14.
Ng3 Bd7 15. O-O O-O-O 16. Kh1 h6 17. Qd2 Ng6 18. Nh5 Nce7 19. Nf6 Ng8 20.
Ng1 Nxf6 21. Rxf6 Be8 22. Bh5 Rg8 23. Raf1 Nh4 24. g3 Ng6 25. Bxg6 fxg6 26.
R1f2 h5 27. Qg5 Qc6 28. a3 Qd7 29. h4 a6 30. Nh3 Rg7 31. Nf4 Bf7 32. Nxh5
Rh7 33. Nf4 Rg7 34. Kg2 Rdg8 35. Nh3 Kb8 36. Qf4 g5 37. Nxg5 Bg6 38. Rxe6
Be4+ 39. Kh2 Rxg5 40. Rd6 Qh7 41. e6 Ka7 42. e7 R5g7 43. Rh6 Rxe7 44. Rxh7
Rxh7 45. Qd6 Rhg7 46. Rf6 Ka8 47. Rf8+ Ka7 48. Qc5+ b6 49. Qd6 Rxf8 50. Qxf8
Rb7 51. h5 b5 52. h6 a5 53. g4 b4 54. axb4 axb4 55. cxb4 Rb8 56. Qe7+ Rb7
57. Qc5+ Kb8 58. g5 Rh7 59. Kg3 Rc7 60. Qd6 Kb7 61. g6 Bxg6 62. Qxg6 Rd7 63.
Qe6 Re7 64. Qxe7+ Kb6 65. Qc5+ Ka6 66. h7 Kb7 67. h8=Q Ka6 68. Qa8#
{Black checkmated}
1-0